 Dungeon Crawl Stone Soup version 0.31-a0-1111-ga3525b893c (webtiles) character file.

Game seed: 3220494961835021110

24646 Roalbala the Grappler (level 12, -12/98 (110) HPs)
             Began as a Grey Draconian Shapeshifter on Dec 3, 2023.
             Was a High Priest of Ru.
             Killed from afar by Azrael (20 damage)
             ... with a fireball
             ... on level 13 of the Dungeon on Dec 4, 2023.
             The game lasted 00:48:07 (12787 turns).

Roalbala the Grappler (DrSh)                       Turns: 12787, Time: 00:48:08

HP:   -12/98 (110)  AC: 14    Str: 20    XL:     12   Next: 82%
MP:   12/12         EV: 11    Int: 11    God:    Ru [*****.]
Gold: 823           SH:  0    Dex: 14    Spells: 11/11 levels left

rFire   . .          .
                       - Unarmed
rCold   . . .        (shield currently unavailable)
rNeg    . . .        (body armour unavailable)
rPois   .            (helmet restricted)
rElec   .            (no cloak)
rCorr   .            (no gloves)
SInv    .            (no boots)
Will    .....        (no amulet)
Stlth   +            f - ring of Tyfacwee {Wiz Will+}
HPRegen 0.00/turn    j - +4 ring of slaying
MPRegen 0.13/turn

%: clarity, wizardry (x1)
@: exhausted, flux-form, inhibited regen, glowing, heavily drained
A: glow, contaminating, AC +13, amphibious, unfitting armour, inhibited
regeneration, cold-blooded, inability to train dodging, no fire magic, no
necromancy magic, no transmutations magic, weak-willed 1, agile 1, clarity,
shaggy fur 1
a: Begin Untransformation, Renounce Religion, Draw Out Power, Power Leap,
Apocalypse


You were on level 13 of the Dungeon.
You worshipped Ru.
Ru was extremely pleased with you.
You were something dangerously unstable.
You visited 1 branch of the dungeon, and saw 13 of its levels.
You also visited: Sewer and Bailey.

You collected 823 gold pieces.

Inventory:

Missiles
 s - 2 throwing nets
Jewellery
 f - the ring of Tyfacwee (left hand) {Wiz Will+}
   (You acquired it on level 2 of the Dungeon)

   [ring of wizardry]

   Wiz:       It improves your spell success rate.
   Will+:     It increases your willpower.
 j - a +4 ring of slaying (right hand)
 t - a +6 ring of dexterity
Talismans
 b - a beast talisman
 c - a flux talisman (active)
Wands
 a - a wand of polymorph (7)
 p - a wand of flame (5)
 v - a wand of acid (6)
 w - a wand of mindburst (7) (quivered)
 D - a wand of iceblast (9)
 E - a wand of digging (13)
Scrolls
 h - 3 scrolls of fear
 k - 4 scrolls of vulnerability
 n - 5 scrolls of fog
 o - 2 scrolls of identify
 q - 2 scrolls of enchant weapon
 x - 2 scrolls of poison
 y - a scroll of immolation
 z - 2 scrolls of amnesia
Potions
 e - a potion of mutation
 g - 5 potions of degeneration
 i - 5 potions of might
 l - a potion of haste
 m - 2 potions of enlightenment


   Skills:
 + Level 11.4 Fighting
   Level 0.0 Dodging
 * Level 13.4 Unarmed Combat
 * Level 12.9 Shapeshifting


You had 11 spell levels left.
You didn't know any spells.
Your spell library contained the following spells:

 Spells                   Type           Power      Damage    Failure   Level
 Slow                     Hex            0%         N/A       14%         1
 Summon Small Mammal      Summ           0%         N/A       14%         1
 Call Canine Familiar     Summ           0%         N/A       38%         3
 Confusing Touch          Hex            0%         N/A       38%         3
 Hailstorm                Conj/Ice       0%         3d3       38%         3
 Sigil of Binding         Hex            0%         N/A       38%         3
 Summon Guardian Golem    Hex/Summ       0%         N/A       38%         3
 Summon Forest            Summ/Tloc      0%         N/A       98%         5
 Summon Cactus Giant      Summ           0%         N/A       100%        6
 Sting                    Tmut/Pois      Unusable   1d3       N/A         1
 Scorch                   Fire           Unusable   2d5       N/A         2
 Wereblood                Tmut           Unusable   N/A       N/A         2
 Vampiric Draining        Necr           Unusable   2d6       N/A         3
 Flame Wave               Conj/Fire      Unusable   2d4       N/A         4

Dungeon Overview and Level Annotations

Branches:
Dungeon (13/15)            Temple (0/1) D:5            Lair (0/5) D:8
    Orc (0/2) D:12         Vaults (0/5) D:13          Sewer (visited)
 Bailey (visited)

Altars:
Kikubaaqudgha
Makhleb
Okawaru
Ru
Yredelemnul

Shops:
D:4 =

Annotations:
D:3 1 runed translucent door
D:8 exclusion: oklob sapling
D:13 Azrael


Innate Abilities, Weirdness & Mutations

You are something dangerously unstable.
You glow with magical radiation, making you easy to see and hit.
Foes you strike become dangerously contaminated with magical radiation.
You are incapable of wielding weapons or throwing items.
Your dull iron-grey scales are very hard. (AC +13)
You are amphibious.
You cannot fit into any form of body armour.
You do not regenerate when monsters are visible.
You are cold-blooded and may be slowed by cold attacks.
You cannot train Dodging skill.
You cannot study or cast Fire magic.
You cannot study or cast Necromancy magic.
You cannot study or cast Transmutations magic.
You are slightly weak-willed. (Will-)
You are agile. (Dex +4, Str/Int -1)
You possess an exceptional clarity of mind.
You are covered in fur. (AC +1)


Message History

You destroy the fire elemental!
You kill the hell hound! x2
You kill the centaur!
You feel drained.
You feel yourself slow down.
A centaur comes into view.
It was a potion of resistance.
You feel protected.
Azrael screams, "Burn!
Burn!
All of it must BURN!"
Azrael gestures at you. The bolt of fire hits you. You resist.
* * * LOW HITPOINT WARNING * * *
You focus your inner power and illuminate Azrael in retribution!
Okay, then.
It was a potion of cancellation.
Your magical effects are unravelling.
You feel magically purged.
You feel less wooden.
You turn into something dangerously unstable.
Your resistance to elements expires.
The sentinel's mark upon you fades away.
Your enlightenment fades.
A centaur comes into view.
Okay, then.
It was a potion of magic.
Magic courses through your body.
You redirect Azrael's attack!
You redirect the centaur warrior's attack!
The centaur warrior wields a +0 orcbow.
The centaur warrior shoots an arrow.
The arrow hits Azrael!!
The centaur warrior is stunned by your conviction and fails to attack.
You redirect Azrael's attack!
Azrael gestures at himself.
The sphere of damnation explodes!
The damnation engulfs Azrael.
Azrael completely resists.
Aiming: Mindburst
Press: ? - help, Shift-Dir - straight line, f - Azrael
Aim: Azrael, wielding a +4 scimitar of flaming (almost dead, softly glowing, chance to affect: 47%) Azrael resists with some effort.
Azrael gestures at you.
The fireball explodes!
The fireball engulfs you!!
You die...

#.......#...
#.......##..
#..#..∩..#.. #.
##...##.. # ##.##... ##
#.†. #c.○
#.###################c#
#.....p...R°○°c)°c..c.#
#######################


You could see Azrael (corona).

Vanquished Creatures
  A rakshasa (D:13)
  2 vault guards (Bailey)
  Erolcha (D:10)
  3 boulder beetles
  3 two-headed ogres
  An orc sorcerer (D:12)
  2 ugly things
  2 cyclopes
  3 centaur zombies (D:10)
  2 gargoyles
  Maggie (D:9)
  An unseen horror zombie (D:10)
  An efreet (D:13)
  2 unseen horrors
  3 kobold demonologists
  A komodo dragon (D:11)
  Prince Ribbit (Bailey)
  3 hornets
  5 slime creatures (D:13)
  A shadow (D:10)
  8 wraiths
  7 yaks (D:9)
  5 vampires
  6 humans (Bailey)
  8 vampire mosquitoes
  A fire elemental (D:13)
  An acid dragon (D:11)
  3 water moccasins
  An ice beast (D:6)
  3 hell hounds (D:13)
  4 black bears
  5 orc warriors
  2 sky beasts (D:7)
  5 centaurs
  A phantom (D:12)
  6 kobold brigands
  2 brain worms (Sewer)
  14 bullfrogs
  3 gnoll sergeants
  4 scorpions
  4 wights (D:9)
  A troll zombie (D:12)
  5 killer bees (D:11)
  7 howler monkeys
  An electric eel (D:13)
  A human zombie (D:3)
  2 jellies
  A gnoll bouda (D:8)
  3 hounds
  9 orc priests
  Terence (D:2)
  Natasha (thrice) (D:2)
  3 iguanas
  12 orc wizards
  7 ogre zombies (D:12)
  A howler monkey zombie (D:10)
  22 gnolls
  13 adders
  5 river rats (Sewer)
  A white imp (D:5)
  3 worms
  7 dart slugs
  44 orcs
  16 ball pythons
  8 bats
  3 bat zombies (D:6)
  9 endoplasms
  2 giant cockroaches
  4 gnoll zombies (D:12)
  6 hobgoblins
  14 jackals
  32 kobolds
  5 quokkas
  7 frilled lizards
  3 gnoll skeletons (D:12)
  9 goblins
  An orc skeleton (D:12)
  15 orc zombies (D:12)
  6 rats
424 creatures vanquished.

Vanquished Creatures (others)
  A vampire mosquito (D:10)
  An ogre (D:6)
  A gnoll skeleton (D:12)
3 creatures vanquished.

Grand Total: 427 creatures vanquished

Notes
Turn   | Place    | Note
-------+----------+-------------------------------------------
     0 | D:1      | Roalbala the Draconian Shapeshifter began the quest for the
                  | Orb.
     0 | D:1      | Reached XP level 1. HP: 16/16 MP: 1/1
   149 | D:1      | Reached XP level 2. HP: 23/23 MP: 2/2
   356 | D:1      | Reached XP level 3. HP: 29/29 MP: 3/3
   686 | D:2      | Noticed Natasha
   748 | D:2      | Killed Natasha
   749 | D:2      | Reached XP level 4. HP: 8/37 MP: 4/4
  1250 | D:2      | Noticed Terence
  1262 | D:2      | Killed Terence
  1309 | D:2      | Noticed Natasha
  1320 | D:2      | Killed Natasha
  1321 | D:2      | Reached XP level 5. HP: 22/45 MP: 5/5
  1439 | D:2      | Noticed Natasha
  1451 | D:2      | Killed Natasha
  1664 | D:2      | Identified 2 scrolls of acquirement
  1664 | D:2      | Acquired the ring of Tyfacwee {Wiz Will+}
  1667 | D:2      | Acquired a +4 ring of slaying
  2067 | D:3      | Found a runed translucent door.
  2070 | D:3      | Noticed a human
  2071 | D:3      | Found a basalt altar of Yredelemnul.
  2140 | D:3      | Reached XP level 6. HP: 41/52 MP: 6/6
  2815 | D:4      | Reached skill level 4 in Unarmed Combat
  3037 | D:4      | Found Giema's Jewellery Boutique.
  3122 | D:4      | Reached skill level 5 in Shapeshifting
  3122 | D:4      | Your scales start taking on a dull iron-grey colour.
  3122 | D:4      | Reached XP level 7. HP: 53/60 MP: 7/7
  3284 | D:5      | Entered Level 5 of the Dungeon
  3303 | D:5      | Reached skill level 5 in Fighting
  3454 | D:5      | Found a sacrificial altar of Ru.
  3489 | D:5      | Became a worshipper of Ru the Awakened
  3602 | D:5      | Found a staircase to the Ecumenical Temple.
  3939 | D:6      | Found a glowing drain.
  3950 | Sewer    | Entered a sewer
  4091 | Sewer    | Reached XP level 8. HP: 56/70 MP: 6/8
  4146 | Sewer    | Reached skill level 5 in Unarmed Combat
  4227 | Sewer    | Gained mutation: You cannot train Dodging skill. [Ru
                  | sacrifice]
  4227 | Sewer    | Reached * piety under Ru
  4227 | Sewer    | Reached ** piety under Ru
  4912 | D:6      | Reached skill level 6 in Unarmed Combat
  5391 | D:6      | Found an ancient bone altar of Kikubaaqudgha.
  5610 | D:7      | Reached XP level 9. HP: 73/78 MP: 9/9
  5765 | D:7      | Reached skill level 7 in Unarmed Combat
  6545 | D:8      | Reached skill level 8 in Unarmed Combat
  6617 | D:8      | Gained mutation: You are slightly weak-willed. (Will-) [Ru
                  | sacrifice]
  6617 | D:8      | Reached *** piety under Ru
  6617 | D:8      | Reached **** piety under Ru
  7025 | D:8      | Got the Precepts of Nature
  7125 | D:8      | Found a staircase to the Lair.
  7369 | D:9      | Reached XP level 10. HP: 87/88 MP: 10/10
  7489 | D:9      | Noticed Maggie
  7504 | D:9      | Killed Maggie
  7630 | D:9      | Paralysed by a hornet for 1 turns
  7809 | D:9      | Reached skill level 9 in Unarmed Combat
  8109 | D:9      | Found a burning altar of Makhleb.
  8510 | D:10     | Entered Level 10 of the Dungeon
  8569 | D:10     | Noticed a gargoyle
  8579 | D:10     | Killed a gargoyle
  8681 | D:10     | Reached skill level 10 in Unarmed Combat
  8778 | D:10     | Reached skill level 10 in Shapeshifting
  8848 | D:10     | Found an iron altar of Okawaru.
  8978 | D:10     | Found a flagged portal.
  8992 | Bailey   | Entered a bailey
  9007 | Bailey   | Gained mutation: You cannot study or cast Fire magic. [Ru
                  | sacrifice]
  9007 | Bailey   | Gained mutation: You cannot study or cast Transmutations
                  | magic. [Ru sacrifice]
  9007 | Bailey   | Gained mutation: You cannot study or cast Necromancy magic.
                  | [Ru sacrifice]
  9007 | Bailey   | Reached ***** piety under Ru
  9114 | Bailey   | Reached XP level 11. HP: 97/97 MP: 11/11
  9146 | Bailey   | Noticed a vault guard
  9150 | Bailey   | Noticed Prince Ribbit
  9152 | Bailey   | Killed a vault guard
  9165 | Bailey   | Killed Prince Ribbit
  9191 | Bailey   | Noticed a vault guard
  9204 | Bailey   | Killed a vault guard
  9486 | D:10     | Reached skill level 11 in Unarmed Combat
  9533 | D:10     | Reached skill level 10 in Fighting
  9698 | D:10     | Noticed Erolcha
  9714 | D:10     | Killed Erolcha
 10457 | D:11     | Noticed a boulder beetle
 10473 | D:11     | Killed a boulder beetle
 10474 | D:11     | Reached skill level 12 in Unarmed Combat
 10597 | D:11     | Reached XP level 12. HP: 62/102 MP: 12/12
 10887 | D:11     | Noticed a boulder beetle
 10895 | D:11     | Killed a boulder beetle
 11240 | D:12     | Found a staircase to the Orcish Mines.
 11248 | D:12     | Gained mutation: You do not regenerate when monsters are
                  | visible. [Ru sacrifice]
 11253 | D:12     | Noticed a two-headed ogre
 11723 | D:12     | Noticed a two-headed ogre
 11728 | D:12     | Killed a two-headed ogre
 11777 | D:12     | Gained mutation: You possess an exceptional clarity of
                  | mind. [potion of mutation]
 11777 | D:12     | Gained mutation: You are agile. (Dex +4, Str/Int -1)
                  | [potion of mutation]
 11777 | D:12     | Gained mutation: You are covered in fur. (AC +1) [potion of
                  | mutation]
 11778 | D:12     | HP: 3/96 [poisoned by a green ugly thing]
 11992 | D:12     | Noticed a boulder beetle
 12002 | D:12     | Killed a boulder beetle
 12069 | D:12     | Killed a two-headed ogre
 12638 | D:13     | Noticed a rakshasa
 12647 | D:13     | Killed a rakshasa
 12652 | D:13     | Reached skill level 13 in Unarmed Combat
 12667 | D:13     | Noticed Azrael
 12674 | D:13     | Found a gate to the Vaults.
 12730 | D:13     | Noticed a two-headed ogre
 12755 | D:13     | Killed a two-headed ogre
 12771 | D:13     | Noticed a centaur warrior
 12787 | D:13     | Killed from afar by Azrael

Illustrated notes

Levels and vault maps discovered:
D:1:      grunt_arrival_crossed_arrows, layout_loops_ring, nicolae_grassy_gnolls
D:2:      layout_loops_cross, uniq_natasha, uniq_terence
D:3:      layout_basic, dk_yredelemnul_ordeal
D:4:      layout_loops_cross, minmay_shop_enchanted_jewellery, st_stairs_3
D:5:      layout_cave_pools, mainiacjoe_overflow_boulevard,
          minmay_temple_entry_overgrown, serial_column_ruins, column_ruins_hut,
          column_ruins_square_medium, column_ruins_columns_corner,
          column_ruins_open_medium_water, column_ruins_open_tiny,
          column_ruins_grid_3, column_ruins_open_tiny, column_ruins_open_medium,
          minmay_statues_item
D:6:      layout_loops_corners, lemuel_zombie_altar_kikubaaqudgha,
          portal_sewer_entry_d, minmay_splitting_lines, hangedman_decor_lopped
D:7:      layout_rooms, st_stairs_12
D:8:      layout_rooms, lair_entry_dummy, serial_curves, eino_curves_02,
          eino_curves_03, introduction_to_nature_2
D:9:      layout_roguey, mainiacjoe_overflow_alcove_4, uniq_maggie
D:10:     layout_gridville, lemuel_tele_altar, enter_bailey_4, serial_undead,
          serial_undead_e, serial_undead_e, serial_undead_b, serial_undead_a,
          uniq_erolcha
D:11:     layout_irregular_city, serial_glass, glass_columns_a, glass_columns_b
D:12:     layout_roguey, zombieorc2_lemuel
D:13:     layout_basic, hellmonk_vaults_order_and_chaos, serial_shops,
          nicolae_shop_advertising_works [nicolae_subvault_shop_adworks],
          uniq_azrael

Skill      XL: |  1  2  3  4  5  6  7  8  9 10 11 12 |
---------------+-------------------------------------+-----
Dodging        | 2 3 0 |  0.0
Fighting       | 2 3 4 5 6 8 9 10 11 | 11.4
Shapeshifting  | 4 5 7 8 10 11 12 | 12.9
Unarmed Combat | 4 6 8 10 12 13 | 13.4

Action                     |  1- 3 |  4- 6 |  7- 9 | 10-12 || total
---------------------------+-------+-------+-------+-------++-------
  Melee: Unarmed           |    64 |   172 |   363 |   566 ||  1165
         Tailslap          |    15 |    20 |    53 |   112 ||   200
         Punch             |     2 |     6 |     5 |       ||    13
 Invoke: Sacrifice Nimblen |       |       |     1 |       ||     1
         Sacrifice Essence |       |       |     1 |       ||     1
         Draw Out Power    |       |       |       |     5 ||     5
         Power Leap        |       |       |       |     1 ||     1
         Sacrifice Arcana  |       |       |       |     1 ||     1
         Apocalypse        |       |       |       |     8 ||     8
         Sacrifice Purity  |       |       |       |     1 ||     1
  Evoke: Wand              |       |     5 |    10 |     5 ||    20
    Use: Potion            |       |     1 |       |    19 ||    20
         Scroll            |       |     6 |     9 |    12 ||    27
   Stab: Sleeping          |     2 |       |     1 |       ||     3
         Distracted        |       |       |       |     2 ||     2
         Invisible         |       |       |       |     4 ||     4
         Paralysed         |       |       |       |    16 ||    16
 Armour: Skin              |    35 |    82 |   190 |   420 ||   727
  Dodge: Dodged            |    26 |   115 |   175 |   293 ||   609
   Form: Beast             |     3 |       |       |       ||     3
         Flux              |     1 |       |     1 |       ||     2
                           |     1 |       |       |       ||     1

Table legend: (Time is in decaauts)
 A = Elapsed time spent in this place.
 B = Non-inter-level travel time spent in this place.
 C = Inter-level travel time spent in this place.
 D = Time resting spent in this place.
 E = Time spent auto-exploring this place.
 F = Levels seen in this place.
 G = Mean time per level.
                   A        B        C        D        E       F      G
               +--------+--------+--------+--------+--------+-----+--------+
         Total |  12608 |  12233 |    375 |      0 |  10111 |  15 |  840.5 |
       Dungeon |  11617 |  11242 |    375 |      0 |   9373 |  13 |  893.6 |
         Sewer |    548 |    548 |      0 |      0 |    419 |   1 |  548.0 |
        Bailey |    443 |    443 |      0 |      0 |    319 |   1 |  443.0 |
               +--------+--------+--------+--------+--------+-----+--------+

Top non-repeatable levels by time:
    D:12: 1298 daAuts
    D:11: 1183 daAuts
     D:9: 1142 daAuts
     D:8: 1140 daAuts
     D:6: 1119 daAuts
    D:10: 1037 daAuts
     D:3: 966 daAuts
     D:2: 897 daAuts
     D:1: 800 daAuts
     D:5: 622 daAuts
     D:4: 619 daAuts
     D:7: 596 daAuts
   Sewer: 548 daAuts
  Bailey: 443 daAuts
    D:13: 193 daAuts
